 Dungeon Crawl Stone Soup version 0.31-a0-1009-g454b1f1 (webtiles) character file.

Game seed: 2330338207365248320

9 PurpleRed the Sneak (level 2, -1/16 HPs)
             Began as a Deep Elf Brigand on Nov 14, 2023.
             Killed from afar by Sigmund (7 damage)
             ... with a puff of flame
             ... on level 2 of the Dungeon.
             The game lasted 00:01:22 (134 turns).

PurpleRed the Sneak (Deep Elf Brigand)               Turns: 134, Time: 00:01:22

Health: -1/16      AC:  3    Str:  8    XL:     2   Next: 6%
Magic:  7/7        EV: 12    Int: 15    God:
Gold:   9          SH:  0    Dex: 16    Spells: 5/5 levels left

rFire   . . .        a - +2 dagger
rCold   . . .        (no shield)
rNeg    . . .        b - +0 robe
rPois   .            (no helmet)
rElec   .            c - +0 cloak
rCorr   .            (no gloves)
SInv    .            (no boots)
Will    .....        (no amulet)
Stlth   +++          (no ring)
HPRegen 0.22/turn    (no ring)
MPRegen 0.10/turn

%: no passive effects
@: no status effects
A: no striking features
a: no special abilities


You were on level 2 of the Dungeon.
You visited 1 branch of the dungeon, and saw 2 of its levels.

You collected 9 gold pieces.

Inventory:

Hand Weapons
 a - a +2 dagger (weapon)
Missiles
 d - 2 poisoned darts (quivered)
Armour
 b - a +0 robe (worn)
 c - a +0 cloak (worn)
Scrolls
 f - a scroll of identify {unknown}


   Skills:
 - Level 1.5 Fighting
 - Level 2.0 Short Blades
 - Level 2.0 Throwing
 - Level 1.2 Dodging
 - Level 4.8 Stealth
 + Level 2.4 Spellcasting


You had 5 spell levels left.
You didn't know any spells.
Your spell library was empty.

Dungeon Overview and Level Annotations

Branches:
Dungeon (2/15)

Altars:

Annotations:
D:2 Sigmund


Message History

Unknown command.
Unknown command.
Throw: 8 darts (poison)
Press: ? - help, Q - select action Shift-Dir - straight line, f/p - Sigmund
Aim: Sigmund, wielding a +0 scythe, wearing a +0 robe and carrying a wand of flame (severely wounded, slow, 53% to hit)
You throw a poisoned dart.
The poisoned dart barely misses Sigmund.
Throw: 7 darts (poison)
Press: ? - help, Q - select action Shift-Dir - straight line, f/p - Sigmund
Aim: Sigmund, wielding a +0 scythe, wearing a +0 robe and carrying a wand of flame (severely wounded, slow, 53% to hit)
You throw a poisoned dart.
The poisoned dart barely misses Sigmund.
Sigmund is no longer moving slowly.
Sigmund points at you and mumbles some strange words.
The puff of flame misses you.
Throw: 6 darts (poison)
Press: ? - help, Q - select action Shift-Dir - straight line, f/p - Sigmund
Aim: Sigmund, wielding a +0 scythe, wearing a +0 robe and carrying a wand of flame (severely wounded, 53% to hit)
You throw a poisoned dart.
The poisoned dart closely misses Sigmund.
Throw: 5 darts (poison)
Press: ? - help, Q - select action Shift-Dir - straight line, f/p - Sigmund
Aim: Sigmund, wielding a +0 scythe, wearing a +0 robe and carrying a wand of flame (severely wounded, 53% to hit)
You throw a poisoned dart. The poisoned dart hits Sigmund.
Sigmund is poisoned.
Sigmund is severely wounded.
Throw: 4 darts (poison)
Press: ? - help, Q - select action Shift-Dir - straight line, f/p - Sigmund
Aim: Sigmund, wielding a +0 scythe, wearing a +0 robe and carrying a wand of flame (severely wounded, poisoned, 53% to hit)
You throw a poisoned dart.
The poisoned dart closely misses Sigmund.
Sigmund attacks as he pursues you! Sigmund misses you.
Throw: 3 darts (poison)
Press: ? - help, Q - select action Shift-Dir - straight line, f/p - Sigmund
Aim: Sigmund, wielding a +0 scythe, wearing a +0 robe and carrying a wand of flame (severely wounded, poisoned, 53% to hit)
You throw a poisoned dart.
The poisoned dart barely misses Sigmund.
Sigmund points at you and mumbles some strange words.
The puff of flame hits you!
You die...
Sigmund begins carving another notch in his scythe.

#..............
#..............
#..............
#..............
#..............
#..............
#.......†......
#.############'##.......
.......@.@.().((+.......
#.############(##.......
#..........
#######.......#
....(..@†......
#.####........#
..@...........#
...h...........
..##..######.##


You could see Sigmund (poisoned).

Vanquished Creatures
  2 giant cockroaches
  A jackal (D:2)
  A quokka (D:2)
  A bat (D:1)
  2 kobolds
  2 rats
9 creatures vanquished.

Notes
Turn   | Place    | Note
-------+----------+-------------------------------------------
     0 | D:1      | PurpleRed the Deep Elf Brigand began the quest for the Orb.
     0 | D:1      | Reached XP level 1. HP: 12/12 MP: 3/3
    28 | D:1      | Reached skill level 1 in Spellcasting
    99 | D:2      | Reached XP level 2. HP: 16/16 MP: 7/7
   105 | D:2      | Noticed Sigmund
   134 | D:2      | Killed from afar by Sigmund

Illustrated notes

Levels and vault maps discovered:
D:1:      minmay_arrival_solitary_statue, layout_basic,
          kennysheep_decorative_pillar, kennysheep_minor_cross
D:2:      layout_basic, minmay_misc_feat_encased, minmay_misc_feat_tiny,
          chequers_jeans, uniq_terence, uniq_sigmund

Skill      XL: |  1 |
---------------+----+-----
Spellcasting   | 2 |  2.4
Fighting       | |  1.5
Short Blades   | |  2.0
Throwing       | |  2.0
Dodging        | |  1.2
Stealth        | |  4.8

Action                     || total
---------------------------++-------
  Melee: Dagger            ||    30
  Throw: Dart              ||    10
 Armour: Robe              ||    10
  Dodge: Dodged            ||    24

Table legend: (Time is in decaauts)
 A = Elapsed time spent in this place.
 B = Non-inter-level travel time spent in this place.
 C = Inter-level travel time spent in this place.
 D = Time resting spent in this place.
 E = Time spent auto-exploring this place.
 F = Levels seen in this place.
 G = Mean time per level.
                   A        B        C        D        E       F      G
               +--------+--------+--------+--------+--------+-----+--------+
         Total |    129 |    129 |      0 |      0 |      0 |   2 |   64.5 |
       Dungeon |    129 |    129 |      0 |      0 |      0 |   2 |   64.5 |
               +--------+--------+--------+--------+--------+-----+--------+

Top non-repeatable levels by time:
     D:2: 73 daAuts
     D:1: 56 daAuts
